 Dungeon Crawl Stone Soup version 0.27-a0-684-g359e429f13 (webtiles) character file.

Game seed: 12894273067486875134

131 Gaff the Vandal (level 4, 0/21 HPs)
             Began as a Spriggan Arcane Marksman on Mar 20, 2021.
             Was an Initiate of Gozag.
             Killed from afar by an orc wizard (9 damage)
             ... with a puff of flame
             ... on level 2 of the Dungeon.
             The game lasted 00:11:00 (4221 turns).

Gaff the Vandal (Spriggan Arcane Marksman)          Turns: 4221, Time: 00:11:01

Health: 0/21       AC:  2    Str:  7    XL:     4   Next: 91%
Magic:  7/7        EV: 18    Int: 14    God:    Gozag
Gold:   83         SH:  0    Dex: 15    Spells: 4/5 levels left

rFire    . . .     SeeInvis +   b - +0 short sword (freeze)
rCold    . . .     Faith    .   (shield restricted)
rNeg     . . .     Spirit   .   e - +0 robe
rPois    .         Reflect  .   (helmet restricted)
rElec    .         Harm     .   (no cloak)
rCorr    .         Rampage  .   (gloves unavailable)
Will     .....                  (boots unavailable)
Stlth    +.........             (no amulet)
HPRegen  0.07/turn              (no ring)
MPRegen  0.10/turn              (no ring)

@: confused, very quick
A: very small, no large weapons, unfitting armour, see invisible, speed 3
a: Renounce Religion, Potion Petition, Call Merchant, Bribe Branch


You were on level 2 of the Dungeon.
You worshipped Gozag.
Gozag was noncommittal.
You visited 1 branch of the dungeon, and saw 3 of its levels.

You collected 105 gold pieces.
You paid 22 gold pieces to Gozag.

Inventory:

Hand Weapons
 a - a +0 hunting sling
 b - a +0 short sword of freezing (weapon)
 l - a +0 club
 o - a +0 short sword
 p - a +0 falchion
Missiles
 d - 39 sling bullets
 f - 22 stones (quivered)
 m - 4 datura-tipped darts
Armour
 e - a +0 robe (worn)
 i - +0 ice dragon scales
Jewellery
 k - an amulet of faith
Scrolls
 c - a scroll of identify {unknown}
 g - a scroll of holy word {unknown}
 n - a scroll of fear {unknown}
Potions
 h - a potion of ambrosia {unknown}
 j - a potion of lignification {unknown}


   Skills:
 - Level 0.7 Fighting
 * Level 4.7 Slings
 + Level 4.0 Dodging
 + Level 3.4 Stealth
 - Level 1.3 Spellcasting
 - Level 3.6 Hexes


You had 4 spell levels left.
You knew the following spells:

 Your Spells              Type           Power      Damage    Failure   Level
a - Corona                Hex            12%        N/A       6%          1

Your spell library contained the following spells:

 Spells                   Type           Power      Damage    Failure   Level
 Slow                     Hex            11%        N/A       9%          2
 Inner Flame              Hex/Fire       6%         N/A       36%         3
 Portal Projectile        Hex/Tloc       12%        N/A       36%         3
 Cause Fear               Hex            5%         N/A       50%         4
 Leda's Liquefaction      Hex/Erth       3%         N/A       77%         4


Dungeon Overview and Level Annotations

Branches:
Dungeon (3/15)

Altars:
Cheibriados
Gozag
Qazlal

Shops:
D:1 :


Innate Abilities, Weirdness & Mutations

You are very small and have problems with some larger weapons.
You are too small for most types of armour.
You have supernaturally acute eyesight. (SInv)
You cover ground extremely quickly. (Speed+++)


Message History

The orc wizard is lightly wounded.
Fire: 23 stones
Press: ? - help, Q - select action, (/) - cycle Shift-Dir - straight line, f/p - orc wizard
Aim: an orc wizard, wielding a +0 dagger and wearing a +0 robe (lightly wounded, 53% to hit)
You shoot a stone. The stone hits the orc wizard.
The orc wizard is moderately wounded.
The orc wizard hits you but does no damage.
You climb upwards.
There is a stone staircase leading down here.
Your +0 short sword of freezing glows with a cold blue light!
b - a +0 short sword of freezing (weapon)
You barely miss the orc wizard.
The orc wizard is moderately wounded.
The orc wizard hits you with a +0 dagger.
You hit the orc wizard but do no damage.
The orc wizard is moderately wounded.
The orc wizard hits you with a +0 dagger.
You barely miss the orc wizard.
The orc wizard is moderately wounded.
The orc wizard hits you with a +0 dagger.
The orc wizard misses you.
You hit the orc wizard. You freeze the orc wizard.
The orc wizard is severely wounded.
The orc wizard gestures at you while chanting.
You easily resist.
You hit the orc wizard but do no damage.
The orc wizard is severely wounded.
The orc wizard hits you with a +0 dagger.
* * * LOW HITPOINT WARNING * * *
The orc wizard points at you and mumbles some strange words.
You are confused.
You're too confused to move!
You bump into the rock wall.
You miss the orc wizard.
The orc wizard is severely wounded.
The orc wizard closely misses you.
The orc wizard gestures at you while chanting.
The puff of flame hits you!
You die...
Your body crumbles into a pile of gold.

#.# #.# #.####.....#.# #.#
#.# #..###.._..#.#
#.#####.#######.##...8....#
#...................._....#
#######.#######..##.....###
#.# #..######## # #.# #>.#
# #.# ####.o# #### #.#
#...@.###### ...# #.#
#.#........# ##.# #.#
#.#.#####..# #####
##.#####.# #.#.#
#..###...## .#.##....#
#.#.# #..##.....#
.#..#.#### #.#.#
#.........# ).....# #.#.#
#.###.....# .#.##.# #.#.#
#.# ##...## .#.##.# ###.#.#
#.# ##.##


You could see an orc wizard.

Vanquished Creatures
  4 gnolls
  3 adders
  An ooze (D:1)
  A worm (D:2)
  4 dart slugs
  A leopard gecko (D:1)
  3 orcs (D:3)
  6 bats (D:1)
  2 giant cockroaches
  6 goblins
  5 hobgoblins
  2 ball pythons (D:1)
  2 frilled lizards
  5 kobolds
  8 rats
53 creatures vanquished.

Notes
Turn   | Place    | Note
-------+----------+-------------------------------------------
     0 | D:1      | Gaff the Spriggan Arcane Marksman began the quest for the
                  | Orb.
     0 | D:1      | Reached XP level 1. HP: 9/9 MP: 3/3
    94 | D:1      | Reached skill level 1 in Stealth
   218 | D:1      | Reached XP level 2. HP: 13/14 MP: 5/5
  1093 | D:1      | Reached XP level 3. HP: 17/17 MP: 6/6
  1103 | D:1      | Found Pupluonn's Book Boutique.
  2381 | D:2      | Found a stormy altar of Qazlal.
  2427 | D:2      | Reached XP level 4. HP: 21/21 MP: 7/7
  3059 | D:2      | Found a snail-covered altar of Cheibriados.
  3059 | D:2      | Found an opulent altar of Gozag.
  3080 | D:2      | Became a worshipper of Gozag Ym Sagoz the Greedy
  4221 | D:2      | Killed from afar by an orc wizard

Illustrated notes

Levels and vault maps discovered:
D:1:      psy_arrival_terrarium, layout_loops_ring, serial_shops,
          nicolae_shop_stone
D:2:      layout_loops_ring, old_standard_altar,
          chequers_temple_overflow_statue_of_worship,
          minmay_misc_feat_four_crosses
D:3:      layout_loops_ring, old_standard_altar, bloody_makhleb,
          ebering_ghost_reflecting_pool, nicolae_tso_swordbearing_angel

Skill      XL: |  1  2  3  4 |
---------------+-------------+-----
Stealth        | 1 2 3 |  3.4
Slings         | 3 4 |  4.7
Dodging        | 3 4 |  4.0
Fighting       | |  0.7
Spellcasting   | |  1.3
Hexes          | |  3.6

Action                   |  1- 3 |  4- 6 || total
-------------------------+-------+-------++-------
Melee: Club              |   173 |    24 ||   197
       Short sword       |       |    21 ||    21
 Fire: Hunting sling     |    56 |    81 ||   137
Throw: Stone             |       |     4 ||     4
 Cast: Corona            |     2 |     6 ||     8
 Stab: Sleeping          |     2 |       ||     2
Armor: Robe              |    20 |     4 ||    24
       Ice dragon scales |    35 |       ||    35
Dodge: Dodged            |   167 |    49 ||   216

Table legend: (Time is in decaauts)
 A = Elapsed time spent in this place.
 B = Non-inter-level travel time spent in this place.
 C = Inter-level travel time spent in this place.
 D = Time resting spent in this place.
 E = Time spent auto-exploring this place.
 F = Levels seen in this place.
 G = Mean time per level.
                   A        B        C        D        E       F      G
               +--------+--------+--------+--------+--------+-----+--------+
         Total |   3445 |   3380 |     65 |   1291 |   1066 |   3 | 1148.3 |
       Dungeon |   3445 |   3380 |     65 |   1291 |   1066 |   3 | 1148.3 |
               +--------+--------+--------+--------+--------+-----+--------+

Top non-repeatable levels by time:
     D:2: 1728 daAuts
     D:1: 1566 daAuts
     D:3: 150 daAuts
